 Dungeon Crawl Stone Soup version 0.24-a0-441-g27f0392e16 (webtiles) character file.

Game seed: 14914549325578429989

240 gruber the Poker (level 5, -4/46 HPs)
             Began as a Minotaur Skald on June 19, 2019.
             Slain by an ogre
             ... wielding a cursed -2 giant club
              (17 damage)
             ... on level 4 of the Dungeon.
             The game lasted 00:03:04 (1417 turns).

gruber the Poker (Minotaur Skald)                   Turns: 1417, Time: 00:03:05

Health: -4/46      AC:  6    Str: 16    XL:     5   Next: 79%
Magic:  6/6        EV: 12    Int: 10    God:
Gold:   100        SH:  0    Dex: 10    Spells: 5/6 levels left

rFire    . . .     SeeInvis .   a - +0 spear
rCold    . . .     Gourm    .   (no shield)
rNeg     . . .     Faith    .   b - +0 leather armour
rPois    .         Spirit   .   (helmet restricted)
rElec    .         Reflect  .   l - +1 cloak
rCorr    .         Harm     .   g - +0 pair of gloves
MR       .....                  (no boots)
Stlth    +.........             (no amulet)
HPRegen  0.15/turn              j - ring of flight
MPRegen  0.10/turn              (no ring)

@: no status effects
A: retaliatory headbutt, horns 2
a: Evoke Flight


You were on level 4 of the Dungeon.
You were hungry.

You visited 1 branch of the dungeon, and saw 3 of its levels.

You collected 100 gold pieces.

Inventory:

Hand Weapons
 a - a +0 spear (weapon)
Armour
 b - a +0 leather armour (worn)
 g - a +0 pair of gloves (worn)
 l - a +1 cloak (worn)
Jewellery
 j - a ring of flight (left hand)
Wands
 n - a wand of polymorph (7)
 p - a wand of iceblast (4)
Scrolls
 e - 4 scrolls of identify {unknown}
 h - a scroll of fog {unknown}
 i - 2 scrolls of teleportation {unknown}
 k - 3 scrolls of magic mapping {unknown}
 o - a scroll of enchant weapon {unknown}
Potions
 c - a potion of curing {unknown}
 f - a potion of heal wounds {unknown}
 m - a potion of degeneration {unknown}
Comestibles
 d - 5 rations


   Skills:
 - Level 4.1 Fighting
 - Level 5.2 Polearms
 * Level 4.0 Armour
 - Level 2.1 Dodging
 - Level 1.3 Spellcasting
 - Level 2.0 Charms


You had 5 spell levels left.
You knew the following spells:

 Your Spells              Type           Power        Failure   Level  Hunger
a - Infusion              Chrm           #...         17%         1    ##.....

Your spell library contained the following spells:

 Spells                   Type           Power        Failure   Level  Hunger
 Song of Slaying          Chrm           #.......     26%         2    ###....
 Shroud of Golubria       Chrm/Tloc      #.....       36%         2    ###....
 Regeneration             Chrm/Necr      #.........   61%         3    ####...
 Spectral Weapon          Hex/Chrm       #.......     61%         3    ####...


Dungeon Overview and Level Annotations

Branches:
Dungeon (2/15)

Altars:
Okawaru
Uskayaw
Wu Jian


Innate Abilities, Weirdness & Mutations

You reflexively headbutt those who attack you in melee.
You have a pair of horns on your head.


Message History

You hit the hound.
You kill the hound!
Your Armour skill increases to level 4!
You barely miss the ogre. You headbutt the ogre.
The ogre is heavily wounded.
The ogre hits you with a cursed -2 giant club!
* * * LOW HITPOINT WARNING * * *
You are too injured to fight recklessly!
You are too injured to fight recklessly!
You are too injured to fight recklessly!
You are too injured to fight recklessly!
You hit the ogre.
The ogre is heavily wounded.
You hit the ogre. Your headbutt misses the ogre.
The ogre is heavily wounded.
The ogre closely misses you.
You barely miss the ogre.
The ogre is heavily wounded.
The ogre hits you with a cursed -2 giant club!
You die...

#.. ..# #.# ...#
####.##...##.
#............
#............
#..$.†.......
####...##.##...
#.....O##+## .
##.....@...#
#.........#
#.........#
##...##..##
######..####
#..........#
#..........#
#..<.......#
#######'####+#########


You could see an ogre.

Vanquished Creatures
  A hound (D:4)
  Natasha (twice) (D:4)
  Terence (D:2)
  Robin (D:2)
  3 gnolls (D:2)
  3 adders (D:4)
  An ooze (D:2)
  A worm (D:2)
  A dart slug (D:2)
  2 leopard geckos
  An orc (D:4)
  12 goblins
  9 hobgoblins
  4 kobolds (D:1)
  3 quokkas
  A ball python (D:2)
  6 bats
  4 frilled lizards
  7 rats
63 creatures vanquished.

Notes
Turn   | Place    | Note
-------+----------+-------------------------------------------
     0 | D:1      | gruber the Minotaur Skald began the quest for the Orb.
     0 | D:1      | Reached XP level 1. HP: 18/18 MP: 1/1
   199 | D:1      | You fall into a shaft and drop 1 floor!
   208 | D:2      | Reached skill level 3 in Polearms
   208 | D:2      | Reached XP level 2. HP: 24/25 MP: 3/3
   255 | D:2      | Reached XP level 3. HP: 27/31 MP: 4/4
   270 | D:2      | Noticed Robin
   328 | D:1      | Reached skill level 4 in Polearms
   899 | D:2      | Reached XP level 4. HP: 37/40 MP: 5/5
   901 | D:2      | Killed Robin
  1088 | D:2      | Noticed Terence
  1121 | D:2      | Killed Terence
  1121 | D:2      | Reached skill level 5 in Polearms
  1160 | D:2      | You fall into a shaft and drop 2 floors!
  1181 | D:4      | Noticed Natasha
  1187 | D:4      | Killed Natasha
  1187 | D:4      | Reached XP level 5. HP: 27/46 MP: 6/6
  1208 | D:4      | Noticed Natasha
  1211 | D:4      | Killed Natasha
  1311 | D:4      | Found an iron altar of Okawaru.
  1312 | D:4      | Found an ornate altar of the Wu Jian Council.
  1342 | D:4      | Noticed a +0 hand axe
  1342 | D:4      | Noticed a +0 dagger
  1344 | D:4      | Found a hide-covered altar of Uskayaw.
  1397 | D:4      | Noticed an ogre
  1417 | D:4      | Slain by an ogre

Levels and vault maps discovered:
D:1:      ncdulo_lavacross, layout_basic, serial_forest,
          infiniplex_forest_corner_1, infiniplex_forest_clump_medium,
          infiniplex_forest_lined_corner, infiniplex_forest_corner_1
D:2:      layout_basic, marbit_many_paths, first_ration, hangedman_decor_push,
          roderic_nine_men_s_morris, amethyst_killhole, uniq_sigmund,
          uniq_terence, uniq_robin
D:4:      layout_gridville, minitemple, dancing_weapons_uskayaw, serial_shops,
          shop, minmay_strange_pillars, uniq_natasha

Skill      XL: |  1  2  3  4  5 |
---------------+----------------+-----
Polearms       | 3 4 5 |  5.2
Fighting       | 3 4 |  4.1
Armour         | 2 4 |  4.0
Dodging        | |  2.1
Spellcasting   | |  1.3
Charms         | |  2.0

Action                   |  1- 3 |  4- 6 || total
-------------------------+-------+-------++-------
Melee: Spear             |   111 |   100 ||   211
       Headbutt          |    13 |    12 ||    25
 Stab: Sleeping          |     1 |       ||     1
  Eat: Chunk             |       |     1 ||     1
Armor: Leather armour    |    22 |    19 ||    41
Dodge: Dodged            |    49 |    42 ||    91

Table legend:
 A = Non-vault XP
 B = Vault XP
 C = Vault XP percentage of total XP
 D = Non-vault monster count
 E = Vault monster count
 F = Vault count percentage of total count
                 A         B        C        D         E       F
            +---------+---------+-------+---------+---------+-------
      Total |     240 |     103 |  30.0 |      50 |      13 |  20.6
            +---------+---------+-------+---------+---------+-------
        D:1 |      27 |       4 |  12.9 |      19 |       2 |   9.5
        D:2 |      89 |      64 |  41.8 |      23 |      10 |  30.3
        D:4 |     124 |      35 |  22.0 |       8 |       1 |  11.1
            +---------+---------+-------+---------+---------+-------
